Map: Lightshade LE

Players

cure

  • Race: Terran Terran

Reynor - Winner!

  • Race: Zerg Zerg

Event: TSL 7

VOD

Have the link to the VOD?

Description

Time

  • Played on: June 26, 2021, 9:15 a.m.
  • Length: 8:55

All games in this series

Show
View Real Time Build Order
Export as new Build Order

cure Terran 

Build Orders:  

Get SALT Encoding   

  12  0:00  SCV  
  13  0:12  SCV  
  14  0:17  Supply Depot  
  14  0:24  SCV  
  15  0:39  SCV  
  15  0:41  Barracks  
  16  0:42  Refinery  
  16  0:51  SCV  
  17  1:03  SCV  
  18  1:15  SCV  
  19  1:28  Barracks Reactor, Orbital Command  
  19  1:38  Command Center  
  19  1:47  Supply Depot  
  19  1:53  SCV  
  20  2:00  Barracks  
  20  2:06  SCV  
  21  2:08  Marine x2  
  23  2:18  SCV  
  23  2:21  Barracks  
  24  2:28  Marine x2  
  26  2:30  SCV  
  27  2:42  SCV  
  28  2:46  Marine x2  
  28  2:48  Barracks Tech Lab  
  30  2:54  SCV  
  30  2:59  Barracks  
  30  3:07  Marine, Stimpack  
  30  3:08  Barracks Tech Lab  
  30  3:12  Marine  
  31  3:13  Marine  
  33  3:20  Orbital Command  
  33  3:27  Marine x2  
  33  3:30  Marine x2  
  33  3:31  Combat Shield  
  37  3:35  SCV  
  38  3:43  Supply Depot  
  38  3:47  Marine x3  
  38  3:48  Marine  
  41  3:49  Marine  
  41  3:55  SCV x2  
  45  3:58  Supply Depot  
  45  4:06  Marine x4  
  45  4:07  Marine  
  50  4:14  SCV x2  
  52  4:22  Supply Depot  
  52  4:24  Marine x4  
  52  4:25  Marine  
  57  4:42  Marine x4  
  57  4:43  Marine  
  61  4:59  Marine  
  61  5:00  SCV x2, Marine x4  
  51  5:15  SCV  
  51  5:17  Marine x3  
  51  5:18  Marine x2  
  51  5:21  SCV  
  44  5:27  SCV  
  43  5:35  Marine x4  
  41  5:36  Marine  
  41  5:37  SCV  
  41  5:39  SCV  
  45  5:49  SCV  
  46  5:51  SCV  
  46  5:53  Marine x4  
  50  6:00  Factory  
  50  6:01  Marine  
  50  6:03  SCV  
  50  6:04  SCV  
  53  6:11  Marine x4  
  54  6:16  SCV x2  
  59  6:19  Marine  
  59  6:20  Supply Depot  
  60  6:28  SCV x2, Marine  
  60  6:29  Marine x3  
  66  6:39  Marine  
  52  6:41  SCV x2  
  52  6:45  Engineering Bay  
  52  6:46  Marine  
  52  6:47  Barracks Reactor, Marine  
  53  6:50  Refinery  
  53  6:53  Barracks Reactor, SCV x2  
  56  6:57  Starport  
  56  6:58  Refinery x2  
  56  7:00  Marine  
  57  7:04  Marine x2  
  57  7:05  SCV x2  
  57  7:07  Siege Tank  
  64  7:17  SCV x2  
  64  7:18  Marine  
  64  7:22  Marine x2  
  68  7:24  Marine, Supply Depot  
  68  7:25  Marine  
  68  7:29  SCV x2  
  73  7:40  Marine  
  73  7:41  Marine x2  
  73  7:42  Marine  
  77  7:46  Medivac x2, Siege Tank  
  77  7:49  Supply Depot  
  84  7:53  Supply Depot  
  84  7:58  Marine x2  
  86  8:05  Supply Depot  
  86  8:11  Marine x4  
  90  8:14  Bunker  
  90  8:15  Marine x2  
  92  8:20  Siege Tank  
  92  8:26  Supply Depot  
  95  8:28  Marine x3  
Show
View Real Time Build Order
Export as new Build Order

Reynor Zerg - Winner!

Build Orders: Pool First 

Get SALT Encoding   

  12  0:04  Drone  
  13  0:13  Overlord  
  13  0:17  Drone  
  14  0:31  Drone x2  
  16  0:40  Spawning Pool  
  15  0:44  Drone  
  15  0:48  Drone  
  17  1:08  Hatchery  
  16  1:12  Drone  
  17  1:26  Extractor  
  17  1:27  Zergling x4  
  17  1:30  Zergling x2  
  19  1:33  Queen  
  21  1:40  Overlord  
  21  1:51  Drone  
  22  2:02  Drone  
  23  2:09  Queen  
  23  2:13  Drone  
  26  2:20  Drone  
  26  2:22  Queen  
  27  2:24  Drone  
  30  2:30  Metabolic Boost  
  30  2:32  Overlord  
  30  2:35  Drone  
  31  2:41  Drone  
  33  2:44  Drone x2  
  33  2:47  Drone  
  35  2:58  Drone x3  
  38  3:10  Hatchery  
  38  3:11  Drone  
  38  3:16  Drone  
  38  3:17  Overlord  
  39  3:21  Overlord  
  39  3:32  Overlord  
  39  3:37  Drone x2  
  39  3:38  Drone x3  
  39  3:40  Baneling Nest  
  43  3:42  Drone  
  43  3:46  Drone x2  
  46  3:51  Queen  
  48  3:56  Zergling x6  
  48  3:58  Zergling x2  
  48  4:01  Zergling x4  
  54  4:04  Zergling x2  
  54  4:08  Overlord  
  54  4:09  Zergling x2  
  55  4:11  Zergling x2  
  56  4:20  Zergling x2  
  56  4:23  Queen, Zergling x6  
  61  4:26  Zergling x4  
  63  4:31  Zergling x2  
  63  4:34  Drone  
  63  4:35  Drone  
  63  4:36  Extractor  
  63  4:38  Baneling x3  
  63  4:40  Baneling x3, Queen  
  63  4:43  Zergling x2  
  63  4:44  Zergling x2  
  67  4:47  Baneling  
  67  4:48  Zergling x2  
  67  4:51  Spine Crawler, Zergling x2  
  66  4:57  Zergling x6  
  69  5:02  Zergling x4  
  69  5:03  Zergling x4  
  70  5:12  Zergling x2  
  70  5:13  Zergling x10  
  67  5:15  Zergling x2  
  67  5:17  Zergling x2  
  67  5:21  Drone  
  67  5:24  Lair  
  67  5:26  Zergling x2  
  66  5:29  Zergling x2  
  66  5:30  Zergling x2  
  66  5:33  Zergling x4  
  66  5:35  Zergling x2  
  65  5:40  Zergling x4  
  64  5:44  Zergling x2  
  64  5:49  Baneling x5  
  65  5:50  Zergling x4  
  65  5:51  Zergling x6  
  65  5:54  Zergling x2  
  71  6:00  Drone x2  
  71  6:02  Drone  
  71  6:03  Overlord  
  71  6:04  Overlord  
  74  6:07  Baneling x5  
  74  6:15  Baneling x2  
  74  6:16  Overlord  
  73  6:21  Zergling x2  
  73  6:22  Zergling x2  
  73  6:23  Drone x4  
  79  6:26  Drone x2  
  79  6:29  Overlord  
  81  6:38  Drone x3  
  81  6:39  Drone  
  76  6:40  Drone x2  
  76  6:42  Evolution Chamber  
  76  6:43  Drone  
  76  6:44  Drone x2  
  80  6:47  Centrifical Hooks  
  80  6:53  Drone  
  81  6:54  Evolution Chamber  
  81  6:56  Drone x2  
  81  6:59  Drone, Extractor x2  
  81  7:04  Drone x5  
  81  7:06  Drone, Overseer  
  87  7:09  Drone, Burrow  
  87  7:13  Zergling x2  
  87  7:15  Drone  
  90  7:24  Zergling x10  
  90  7:28  Overlord  
  90  7:29  Zergling x4  
  98  7:30  Hatchery, Zergling x2  
  97  7:37  Zergling x6  
  97  7:38  Zergling x2  
  97  7:39  Overlord  
  97  7:42  Zergling x4  
  103  7:50  Zergling x4  
  105  7:53  Baneling x6  
  105  7:56  Zergling x10  
  109  8:01  Zergling x6  
  109  8:02  Zergling x2, Overlord  
  109  8:05  Zergling x2  
  114  8:06  Zergling x2  
  114  8:12  Baneling x6  
  115  8:13  Baneling, Overlord  
  115  8:24  Zergling x6  
  115  8:26  Drone x2  
  115  8:27  Drone x2  
  121  8:30  Overlord  
  121  8:32  Zergling x6  
  124  8:38  Zergling x4  
Tags
 
Add a new tag
Caveats
  • Supply blocks, unpowered buildings, or Contaminate may cause inaccurate times.
  • Supply counts are checked every 10 seconds.